AoeStats
← diekaiserwurst

Baltic

510372378Analyzed
2v2 RM · 2d ago on Sep 30, 2026· 21m 7s· 4 players
Game mode
Random Map
Map size
Medium (4 player)
Population
200
Speed
Normal
Resources
Standard
Victory
Conquest
Starting age
Dark Age
Ending age
Imperial Age
RankedLock teamsTeams togetherTeam positionsShared explorationLock speedFull tech treeHidden civsTurbo modeCheats
Victory
Defeat
🇨🇭 Italians · Switzerland
1328
+11
🇫🇷 Malians · France
1267
+13
🇦🇹 Varangians · Austria
1212
-12
🇦🇹 Malay · Austria
1204
-12
HeN_BenP
6:52 Loom
11:02 Feudal Age
14:49 Castle Age
12:58 Double-Bit Axe
15:48 Medium Warships
17:54 Bow Saw
20:34 Town Watch
20:43 Gold Mining
21:23 Fishing Lines
Zaphod
6:48 Loom
9:05 Feudal Age
9:56 Double-Bit Axe
18:56 Castle Age
17:55 Padded Archer Armor
17:52 Fletching
17:59 Gold Mining
17:59 Stone Mining
19:49 Medium Warships
20:02 Bow Saw
chopper
6:46 Loom
10:24 Feudal Age
11:07 Double-Bit Axe
20:14 Castle Age
20:36 Fletching
20:58 Forging
diekaiserwurst
4:44 Loom
11:13 Feudal Age
11:41 Double-Bit Axe
20:47 Fletching
Connection lost

Rejoining the realm…

Still unreachable

The connection could not be restored.

Session expired

The server has moved on; the page needs a fresh start.